 Dungeon Crawl Stone Soup version 0.14.1-23-g35e4e54 (webtiles) character file.

236 Kassandra the Cudgeler (level 5, -1/32 HPs)
             Began as a Gargoyle Berserker on June 8, 2014.
             Was a Believer of Trog.
             Slain by an ogre
             ... wielding a +0,+0 giant spiked club
              (8 damage)
             ... on Level 4 of the Dungeon on June 10, 2014.
             The game lasted 00:06:53 (1910 turns).

Kassandra the Cudgeler (Gargoyle Berserker)         Turns: 1910, Time: 00:06:53

HP  -1/32        AC  6     Str 20      XL: 5   Next: 38%
MP   5/5         EV 12     Int  9      God: Trog [**....]
Gold 79          SH  0     Dex  9      Spells:  0 memorised,  4 levels left

rFire  . . .     SeeInvis .     a - +0 mace
rCold  . . .     Clarity  .     b - +0 animal skin
rNeg   + . .     Conserve .     (no shield)
rPois  +         rCorr    .     (no helmet)
rElec  +         rRot     +     (no cloak)
SustAb . .       Spirit   .     (no gloves)
rMut   .         Warding  .     (no boots)
Saprov . . .     Stasis   .     (no amulet)
MR     .....                    (no ring)
                                (no ring)

@: exhausted, slowed, very slow, not resistant to hostile enchantments, very
unstealthy
A: life protection 1, electricity resistance, unbreathing, petrification
resistance, AC +4
a: Burn Spellbooks, Berserk, Trog's Hand, Renounce Religion


You were on level 4 of the Dungeon.
You worshipped Trog.
Trog was pleased with you.
You were near starving.

You visited 1 branch of the dungeon, and saw 3 of its levels.

You collected 79 gold pieces.

Inventory:

Hand weapons
 a - a +0,+0 mace (weapon)
Armour
 b - a +0 animal skin (worn)
Comestibles
 c - 2 bread rations
 d - a honeycomb
 g - 2 meat rations
 m - an apple
Scrolls
 e - 2 scrolls of remove curse {unknown}
 j - a scroll of enchant weapon II {unknown}
 k - 2 scrolls of identify {unknown}
 n - a scroll of teleportation {unknown}
Potions
 h - a potion of heal wounds {unknown}
 i - 2 potions of curing {unknown}
 l - a potion of paralysis {unknown}


   Skills:
 - Level 3.2 Fighting
 + Level 6.5 Maces & Flails
 - Level 2.1 Armour
 - Level 1.5 Dodging


You had 4 spell levels left.
You didn't know any spells.

Dungeon Overview and Level Annotations

Branches:
Dungeon (4/15)
 Temple: D:4-7

Altars:


Innate Abilities, Weirdness & Mutations

You are resistant to torment.
You are immune to poison.
You are immune to rotting.
Your stone body is very resilient (AC +4).
You resist negative energy.
You are resistant to electric shocks.
You can survive without breathing.
You are immune to petrification.


Message History

Found a scroll labeled MEDWUXZOUNK.
Found a stone staircase leading up.
You feel the effects of Trog's Hand fading.
Your skin stops crawling.
You feel less resistant to hostile enchantments.
n - a scroll labeled MEDWUXZOUNK
Found 2 scrolls labeled MEDWUXZOUNK.
There is a stone staircase leading up here.
An ogre comes into view. It is wielding a giant spiked club.
The ogre shouts!
You are near starving!
The ogre hits you with a giant spiked club.
The ogre hits you with a giant spiked club!
* * * LOW HITPOINT WARNING * * *
There is a stone staircase leading up here.
As you read the scroll labeled HYNUBIMOUGH, it crumbles to dust.
It is a scroll of recharging.
You aren't carrying any rechargeable items.
The ogre hits you with a giant spiked club!
You die...

#..# #<# #..# #.# #..#
#.# #..#### #.#
#...<.## #.#
########...#..#######.#
..........###......##.#
####..#?...#..O..>.##.#
#. #..#...##@...##.#
#.###.####...##.###.#
#. #.# #..........# #.
#...........##### #.
#######..#### #. #... .
...### #####


You could see an ogre.

Vanquished Creatures
  The ghost of ThorGoll the Magician, an average HEFE (D:4)
  An adder (D:2)
  7 goblins
  7 hobgoblins
  4 jackals (D:2)
  A bat (D:1)
  3 giant cockroaches
  3 kobolds (D:1)
  7 rats
34 creatures vanquished.

Notes
Turn   | Place    | Note
--------------------------------------------------------------
     0 | D:1      | Kassandra, the Gargoyle Berserker, began the quest for the Orb.
     0 | D:1      | Reached XP level 1. HP: 14/14 MP: 1/1
   374 | D:1      | Reached XP level 2. HP: 19/19 MP: 2/2
   425 | D:1      | Reached skill level 4 in Maces & Flails
  1328 | D:1      | Upgraded the game from 0.14.1-22-g2730a98 to 0.14.1-23-g35e4e54
  1340 | D:2      | Acquired Trog's second power
  1375 | D:2      | Reached XP level 3. HP: 9/23 MP: 3/3
  1878 | D:2      | You fall through a shaft for 2 floors!
  1878 | D:4      | Noticed ThorGoll's ghost (average HEFE)
  1887 | D:4      | Killed ThorGoll's ghost
  1887 | D:4      | Reached skill level 6 in Maces & Flails
  1887 | D:4      | Reached XP level 4. HP: 13/28 MP: 4/4
  1887 | D:4      | Reached XP level 5. HP: 14/32 MP: 5/5
  1900 | D:4      | Noticed an ogre
  1910 | D:4      | Slain by an ogre

Action                   |  1- 3 |  4- 6 || total
-------------------------+-------+-------++-------
Melee: Mace              |   130 |       ||   130
Invok: Trog's Hand       |     2 |       ||     2
       Berserk           |     1 |       ||     1
  Use: Scroll            |       |     1 ||     1
